 Dungeon Crawl Stone Soup version 0.17-a0-981-gf8a484a (console) character file.

1631 Garrluk the Martial Artist (level 8, -5/64 HPs)
             Began as a Naga Transmuter on May 11, 2015.
             Was a High Priest of Cheibriados.
             Slain by a gnoll
             ... wielding a +2 halberd of freezing
              (6 damage)
             ... on level 6 of the Dungeon.
             The game lasted 00:22:11 (5803 turns).

Garrluk the Martial Artist (Naga Transmuter)        Turns: 5803, Time: 00:22:11

Health: -5/64      AC:  7    Str: 18    XL:     8   Next: 98%
Magic:  11/11      EV: 10    Int: 26    God:    Cheibriados [*****.]
Gold:   439        SH:  0    Dex: 24    Spells: 4 memorised, 0 levels left

rFire  . . .     SeeInvis +       - Unarmed
rCold  . . .     Clarity  .     f - +1 robe
rNeg   + . .     SustAb   .     (no shield)
rPois  +         Gourm    .     (no helmet)
rElec  +         Spirit   .     v - +2 cloak "Ehunazip" {+Blink rElec rN+ Str-5}
rCorr  .         Warding  .     (no gloves)
rMut   .         Stasis   .     (no barding)
MR     +....                    (no amulet)
Stlth  ++........               (no ring)
                                (no ring)

@: about to teleport, appendage (expiring), very slow, somewhat resistant to
hostile enchantments, unstealthy
A: horns 2, see invisible, deformed body, poison resistance, slowness 2, slow
metabolism 1, spit poison 2, AC +2
a: Spit Poison, End Transformation, Bend Time, Temporal Distortion, Slouch, Step
From Time, Renounce Religion, Evoke Blink


You were on level 6 of the Dungeon.
You worshipped Cheibriados.
Cheibriados was extremely pleased with you.
You were hungry.
You had grown temporary horns.
You visited 2 branches of the dungeon, and saw 8 of its levels.
You also visited: Sewer.

You collected 439 gold pieces.

Notes
Turn   | Place    | Note
--------------------------------------------------------------
     0 | D:1      | Garrluk, the Naga Transmuter, began the quest for the Orb.
     0 | D:1      | Reached XP level 1. HP: 18/18 MP: 3/3
   260 | D:1      | Reached XP level 2. HP: 20/25 MP: 3/5
   492 | D:1      | HP: 1/25 [giant gecko (5)]
   883 | D:1      | Reached XP level 3. HP: 27/31 MP: 4/6
  1095 | D:2      | Reached skill level 4 in Unarmed Combat
  1192 | D:2      | Reached XP level 4. HP: 17/38 MP: 4/7
  1314 | D:2      | Learned a level 3 spell: Spider Form
  1462 | D:2      | Found a snail-covered altar of Cheibriados.
  1470 | D:2      | Became a worshipper of Cheibriados the Contemplative
  1575 | D:2      | Found a radiant altar of Vehumet.
  1602 | D:2      | Found a glowing silver altar of Zin.
  1986 | D:3      | Noticed Sigmund
  2007 | D:3      | Killed Sigmund
  2007 | D:3      | Reached skill level 5 in Unarmed Combat
  2007 | D:3      | Reached XP level 5. HP: 23/44 MP: 8/8
  2007 | D:3      | Reached XP level 6. HP: 26/51 MP: 9/9
  2142 | D:3      | Acquired Cheibriados's first power
  2395 | D:3      | Noticed Crazy Yiuf
  2405 | D:3      | Killed Crazy Yiuf
  2405 | D:3      | Reached skill level 6 in Unarmed Combat
  2511 | D:4      | Found a deep blue altar of Sif Muna.
  2713 | D:4      | Learned a level 5 spell: Blade Hands
  2903 | D:4      | Found a glowing drain.
  2907 | Sewer    | Entered a sewer
  3027 | Sewer    | Reached XP level 7. HP: 44/57 MP: 10/10
  3154 | Sewer    | Found a white marble altar of Elyvilon.
  3670 | D:4      | Found a glowing golden altar of the Shining One.
  3694 | D:4      | Found a shimmering altar of Xom.
  3707 | D:4      | Got a slimy cloak
  3718 | D:4      | Identified the +2 cloak "Ehunazip" {+Blink rElec rN+ Str-5} (You found it on level 4 of the Dungeon)
  3720 | D:4      | Got a shimmering quarterstaff
  3724 | D:4      | Identified the +6 quarterstaff "Pothrirgh" {crush, rF+ Dex+4} (You found it on level 4 of the Dungeon)
  3844 | D:5      | Entered Level 5 of the Dungeon
  3883 | D:4      | Reached skill level 5 in Transmutations
  4121 | D:5      | Acquired Cheibriados's second power
  4312 | D:5      | Reached skill level 7 in Unarmed Combat
  4364 | D:5      | Found a snail-covered altar of Cheibriados.
  4520 | D:5      | Found a staircase to the Ecumenical Temple.
  4527 | Temple   | Entered the Ecumenical Temple
  4587 | D:5      | Reached XP level 8. HP: 62/64 MP: 11/11
  4591 | D:5      | Learned a level 2 spell: Sticks to Snakes
  5071 | D:5      | Acquired Cheibriados's third power
  5191 | D:6      | Reached skill level 8 in Unarmed Combat
  5255 | D:6      | Found a basalt altar of Yredelemnul.
  5768 | D:7      | Acquired Cheibriados's fourth power
  5803 | D:6      | HP: 1/64 [gnoll/halberd of freezing (11)]
  5803 | D:6      | Slain by a gnoll

Inventory:

Hand weapons
 w - the +6 quarterstaff "Pothrirgh" {crush, rF+ Dex+4}
   (You found it on level 4 of the Dungeon)

   It inflicts extra damage upon your enemies.
   It affects your dexterity (+4).
   It protects you from fire.
Missiles
 a - 118 arrows
Armour
 e - a +0 helmet
   (You found it on level 1 of the Dungeon)
 f - a +1 robe (worn)
   (You took it off Sigmund on level 3 of the Dungeon)
 n - a +1 cloak
   (You found it on level 3 of the Dungeon)
 v - the +2 cloak "Ehunazip" (worn) {+Blink rElec rN+ Str-5}
   (You found it on level 4 of the Dungeon)

   It affects your strength (-5).
   It insulates you from electricity.
   It protects you from negative energy.
   It lets you blink.
Magical devices
 i - a wand of draining (9)
   (You found it on level 6 of the Dungeon)
 o - a wand of fire (4)
   (You found it on level 3 of the Dungeon)
 y - a wand of flame (16)
   (You found it on level 6 of the Dungeon)
Scrolls
 h - a scroll of fear {unknown}
 j - 3 scrolls of teleportation
 k - a scroll of amnesia
 l - 6 scrolls of identify
Potions
 r - a potion of flight
 s - 2 potions of curing
 t - a potion of berserk rage {unknown}
 u - a potion of brilliance
Books
 c - a book of Changes

   Spells                             Type                      Level
   a - Beastly Appendage              Transmutation                1
   b - Sticks to Snakes               Transmutation                2
   c - Spider Form                    Transmutation/Poison         3
   d - Ice Form                       Ice/Transmutation            4
   e - Blade Hands                    Transmutation                5
Comestibles
 b - 2 meat rations
 d - 7 bread rations
 g - 2 beef jerkies
 m - a slice of pizza
 p - 7 fruits
 x - a royal jelly

Table legend:
 A = Turns spent in this place as a percentage of turns spent in the entire game.
 B = Non-inter-level travel turns spent in this place as a percentage of non-inter-level travel turns spent in the entire game.
 C = Inter-level travel turns spent in this place as a percentage of turns spent in this place.
 D = Turns resting spent in this place as a percentage of non-inter-level travel turns spent in this place.
 E = Turns spent auto-exploring this place as a percentage of non-inter-level travel turns spent in this place.
 F = Non-inter-level travel turns spent in this place divided by the number of levels of this place that you've seen.
                   A       B       C       D       E      F
               +-------+-------+-------+-------+-------+----------------------
         Total | 100.0 | 100.0 |   0.4 |   2.1 |   7.9 | 216.9
       Dungeon |  92.3 |  92.3 |   0.4 |   1.8 |   8.3 | 257.3
        Temple |   0.1 |   0.1 |   0.0 |   0.0 |   0.0 |   1.0
         Sewer |   7.7 |   7.7 |   0.0 |   6.0 |   3.3 | 150.0
               +-------+-------+-------+-------+-------+----------------------


   Skills:
 - Level 1.0 Fighting
 - Level 1.5 Dodging
 * Level 8.8 Unarmed Combat
 - Level 2.0 Spellcasting
 * Level 7.5 Transmutations


You couldn't memorise any spells.
You knew the following spells:

 Your Spells              Type           Power        Failure   Level  Hunger
a - Beastly Appendage     Trmt           #####.       1%          1    None
b - Spider Form           Trmt/Pois      ###.......   10%         3    ###....
c - Blade Hands           Trmt           #####.....   14%         5    ######.
d - Sticks to Snakes      Trmt           #####.....   1%          2    ##.....


Dungeon Overview and Level Annotations

Branches:
Dungeon (7/15)             Temple (1/1) D:5

Altars:
Ashenzari
Cheibriados
Sif Muna
Vehumet
Xom
Yredelemnul
Zin
The Shining One


Innate Abilities, Weirdness & Mutations

You cannot wear boots.
Your serpentine skin is tough (AC +2).
You have supernaturally acute eyesight.
Armour fits poorly on your strangely shaped body.
Your system is resistant to poisons.
You cover ground very slowly.
You have a slow metabolism.
You can spit poison.
You have a pair of horns on your head.


Message History

The gnoll hits you with a spear. The gnoll closely misses you.
You hit the gnoll.
The gnoll is heavily wounded.
Your transformation is almost over.
The gnoll hits you from afar with a halberd of protection.
The gnoll closely misses you.
You punch the gnoll!
You kill the gnoll!
Cheibriados appreciates the change of pace.
The gnoll hits you from afar with a halberd of freezing!
The gnoll freezes you.
The gnoll hits you from afar with a halberd of protection!
* * * LOW HITPOINT WARNING * * *
Read which item? (? for menu, Esc to quit)
As you read the scroll of teleportation, it crumbles to dust.
You feel strangely unstable.
The gnoll hits you from afar with a halberd of freezing!
* * * LOW HITPOINT WARNING * * *
The gnoll freezes you.
You die...

.......########.......))......#
.................[...####.....#
.....####..(.###......#..)..###
....## ##.#### #......#.#####
....)###...#####....###.#
...)[.......##...#..###.#
.....#.........#######..#
##.............## ###..##
##...##.....##gg###...##
...#.##.....###)....###
...#.##.....#..[@)....#####
...#.###...##..>....).....#
##....######..#.....#.....#
####....## #.########.#####
######...###.# #####..#
.....##......###.....##
..............#..#####
#######............#########
...........................#
..##.#####............####.###
..##.##......................###


You could see 2 gnolls.

Table legend:
 A = Kills in this place as a percentage of kills in entire the game.
 B = Kills by you in this place as a percentage of kills by you in the entire game.
 C = Kills by friends in this place as a percentage of kills by friends in the entire game.
 D = Other kills in this place as a percentage of other kills in the entire game.
 E = Experience gained in this place as a percentage of experience gained in the entire game.
 F = Experience gained in this place divided by the number of levels of this place that you have seen.
                   A       B       C       D       E      F
               +-------+-------+-------+-------+-------+----------------------
         Total | 100.0 | 100.0 | 100.0 |  -nan | 100.0 | 258.9
       Dungeon |  94.3 |  94.3 | 100.0 |  -nan |  94.2 | 313.7
         Sewer |   5.7 |   5.7 |   0.0 |  -nan |   5.8 | 134.0
               +-------+-------+-------+-------+-------+----------------------

Vanquished Creatures
  Monster Symbol All '5'
  2 crimson imps
  A quasit (D:4)
  3 shadow imps (D:5)
6 creatures vanquished. All '@' Sigmund (D:3)
1 creature vanquished. All 'F' A giant frog (D:6)
1 creature vanquished. All 'J' A jelly (D:5) An ooze (D:1)
2 creatures vanquished. All 'K' A big kobold (Sewer) 15 kobolds
16 creatures vanquished. All 'O' 4 ogres
4 creatures vanquished. All 'S' 12 adders
12 creatures vanquished. All 'Y' A sky beast (D:6)
1 creature vanquished. All 'Z' A giant frog zombie (D:5) A hound skeleton (D:7) A bat skeleton (D:4) A bat zombie (D:7) A giant gecko skeleton (D:4) A giant gecko zombie (D:6) 2 gnoll zombies (D:6) A jackal zombie (D:5) A quokka skeleton (D:4) A quokka zombie (D:7)
11 creatures vanquished. All 'a' 3 worker ants
3 creatures vanquished. All 'b' 11 bats
11 creatures vanquished. All 'c' A centaur (D:5)
1 creature vanquished. All 'g' Crazy Yiuf (D:3) 2 gnolls (D:6) 16 goblins 12 hobgoblins
31 creatures vanquished. All 'h' A black bear (D:6) A hound (D:4) 10 jackals
12 creatures vanquished. All 'l' 4 giant geckos 6 giant newts
10 creatures vanquished. All 'o' 3 orc priests An orc wizard (D:4) 12 orcs
16 creatures vanquished. All 'r' 3 river rats 11 rats
14 creatures vanquished. All 's' 5 giant cockroaches
5 creatures vanquished. All 'w' 3 worms
3 creatures vanquished.
160 creatures vanquished. Monster Nature Uniques Sigmund (D:3) Crazy Yiuf (D:3)
2 creatures vanquished. Natural Monsters A black bear (D:6) A sky beast (D:6) A centaur (D:5) 4 ogres A big kobold (Sewer) A giant frog (D:6) A hound (D:4) A jelly (D:5) 3 orc priests An orc wizard (D:4) 3 worker ants 2 gnolls (D:6) 12 adders 3 river rats An ooze (D:1) 3 worms 12 orcs 16 goblins 12 hobgoblins 10 jackals 15 kobolds 11 bats 5 giant cockroaches 4 giant geckos 6 giant newts 11 rats
141 creatures vanquished. Undead Monsters A giant frog zombie (D:5) A hound skeleton (D:7) A bat skeleton (D:4) A bat zombie (D:7) A giant gecko skeleton (D:4) A giant gecko zombie (D:6) 2 gnoll zombies (D:6) A jackal zombie (D:5) A quokka skeleton (D:4) A quokka zombie (D:7)
11 creatures vanquished. Demonic Monsters 2 crimson imps A quasit (D:4) 3 shadow imps (D:5)
6 creatures vanquished.
160 creatures vanquished. Ascending Order Sigmund (D:3) A black bear (D:6) A sky beast (D:6) A centaur (D:5) A big kobold (Sewer) A giant frog (D:6) A hound (D:4) A giant frog zombie (D:5) A jelly (D:5) A quasit (D:4) Crazy Yiuf (D:3) An orc wizard (D:4) A hound skeleton (D:7) An ooze (D:1) A bat skeleton (D:4) A bat zombie (D:7) A giant gecko skeleton (D:4) A giant gecko zombie (D:6) A quokka zombie (D:7) A jackal zombie (D:5) A quokka skeleton (D:4) 2 crimson imps 2 gnolls (D:6) 2 gnoll zombies (D:6) 3 orc priests 3 worker ants 3 shadow imps (D:5) 3 river rats 3 worms 4 ogres 4 giant geckos 5 giant cockroaches 6 giant newts 10 jackals 11 rats 11 bats 12 adders 12 orcs 12 hobgoblins 15 kobolds 16 goblins
160 creatures vanquished.

Action                   |  1- 3 |  4- 6 |  7- 9 || total
-------------------------+-------+-------+-------++-------
Melee: Unarmed           |   104 |   179 |   280 ||   563
 Cast: Beastly Appendage |    16 |     9 |    15 ||    40
       Sticks to Snakes  |       |       |     4 ||     4
 Abil: Spit Poison       |       |    11 |    17 ||    28
  Use: Potion            |     3 |     1 |     4 ||     8
       Scroll            |       |     1 |     9 ||    10
 Stab: Distracted        |       |     1 |       ||     1
       Sleeping          |       |       |     1 ||     1
  Eat: Chunk             |     1 |     6 |     7 ||    14
